 Dungeon Sprint DCSS version 0.30-a0-137-gd8773701ce (webtiles) character file.

Game seed: 18077962349980952715

30 Pilot the Trooper (level 2, -2/27 HPs)
             Began as a Demigod Fighter on Sept 22, 2022.
             Slain by a hound (3 damage)
             ... in the Dungeon (Sprint IX: "|||||||||||||||||||||||||||||").
             The game lasted 00:00:28 (39 turns).

Pilot the Trooper (Demigod Fighter)                   Turns: 39, Time: 00:00:29

Health: -2/27      AC:  7    Str: 17    XL:     2   Next: 87%
Magic:  4/4        EV:  9    Int: 10    God:
Gold:   0          SH:  5    Dex: 13    Spells: 1/1 levels left

rFire   . . .      SeeInvis .    a - +0 long sword
rCold   . . .      Faith    .    c - +0 buckler
rNeg    . . .      Spirit   .    b - +0 scale mail
rPois   .          Reflect  .    (no helmet)
rElec   .          Harm     .    (no cloak)
rCorr   .          Rampage  .    (no gloves)
Will    .....      NoTele   +    (no boots)
Stlth   ..........               (no amulet)
HPRegen 0.09/turn                (no ring)
MPRegen 0.09/turn                (no ring)

@: on berserk cooldown, slowed, very slow
A: high MP 1, forlorn, divine attributes
a: no special abilities


You were in the Dungeon.
You visited 1 branch

Inventory:

Hand Weapons
 a - a +0 long sword (weapon)
Armour
 b - a +0 scale mail (worn)
 c - a +0 buckler (worn)
Scrolls
 j - a scroll of blinking
Potions
 d - a potion of might
 e - a potion of curing
 f - a potion of heal wounds
 g - a potion of haste
 h - 2 potions of magic


   Skills:
 + Level 4.0 Fighting
 + Level 2.8 Long Blades
 + Level 3.8 Armour
 + Level 4.0 Shields


You had one spell level left.
You didn't know any spells.
Your spell library was empty.

Dungeon Overview and Level Annotations

Branches:
Dungeon (1/1)


Innate Abilities, Weirdness & Mutations

You have an increased reservoir of magic. (+10% MP)
You shall have no god before yourself.
Your divine heritage dramatically boosts your attributes as you level up.


Message History

You barely miss the hound. The hound bites you but does no damage.
You barely miss the hound.
You are no longer berserk.
You are exhausted.
You feel yourself slow down. The hound closely misses you.
The hound barely misses you.
You miss the hound. You block the hound's attack.
The hound bites you but does no damage.
You hit the hound.
The hound is lightly wounded.
The hound bites you but does no damage. The hound bites you.
The hound bites you but does no damage.
You barely miss the hound.
The hound is lightly wounded.
The hound closely misses you. The hound bites you. x2
You closely miss the hound.
The hound is lightly wounded.
The hound bites you but does no damage. You block the hound's attack.
The hound bites you.
You barely miss the hound.
The hound is lightly wounded.
The hound misses you. The hound bites you. The hound completely misses you.
You hit the hound.
The hound is lightly wounded.
The hound barely misses you. The hound bites you.
The hound bites you but does no damage.
You closely miss the hound.
The hound is lightly wounded.
The hound bites you.
* * * LOW HITPOINT WARNING * * *
The hound bites you.
* * * LOW HITPOINT WARNING * * *
The hound bites you.
* * * LOW HITPOINT WARNING * * *
You completely miss the hound.
The hound is lightly wounded.
The hound bites you.
* * * LOW HITPOINT WARNING * * *
The hound bites you.
You die...

▓+▓
▓.▓
▓h▓
▓{▓
▓h▓
▓h▓
▓@▓
▓.▓
▓.▓
▓.▓
▓.▓
▓.▓
▓)▓
▓.▓
▓.▓


You could see 2 hounds and a jackal.

Vanquished Creatures
  An iguana (D)
  An endoplasm (D)
  2 goblins (D)
  A frilled lizard (D)
  A rat (D)
6 creatures vanquished.

Notes
Turn   | Place    | Note
-------+----------+-------------------------------------------
     0 | D        | Pilot the Demigod Fighter began the quest for the Orb.
     0 | D        | Reached XP level 1. HP: 18/18 MP: 3/3
    22 | D        | Noticed a hound
    22 | D        | Noticed an orc wizard
    22 | D        | Noticed a hound
    22 | D        | Noticed an iguana
    28 | D        | Killed an iguana
    29 | D        | Reached XP level 2. HP: 27/27 MP: 4/4
    39 | D        | HP: 1/27 [hound (1)]
    39 | D        | Slain by a hound

Illustrated notes

Levels and vault maps discovered:
D:        linesprint [early_d, line_temple, items_1, d_10, items_2, lair_1,
          lair_end, items_3, orc_1, orc_end, items_4, d_15, swamp_1, shoals_1,
          snake_1, spider_1, d_20, vaults_1, items_5, swamp_end, shoals_end,
          snake_end, spider_end, vaults_end, d_27, items_6, zot_1, zot_end,
          crypt_end, forest_end, elf_end, slime_end, tomb_end, abyss_end,
          pan_hell_end]

Skill      XL: |  1 |
---------------+----+-----
Fighting       | 4 |  4.0
Armour         | 3 |  3.8
Shields        | 4 |  4.0
Long Blades    | 2 |  2.8

Action                   || total
-------------------------++-------
Melee: Long sword        ||    27
  Use: Potion            ||     1
Armor: Scale mail        ||    11
Dodge: Dodged            ||    12
Block: Buckler           ||     5

Table legend: (Time is in decaauts)
 A = Elapsed time spent in this place.
 B = Non-inter-level travel time spent in this place.
 C = Inter-level travel time spent in this place.
 D = Time resting spent in this place.
 E = Time spent auto-exploring this place.
 F = Levels seen in this place.
 G = Mean time per level.
                   A        B        C        D        E       F      G
               +--------+--------+--------+--------+--------+-----+--------+
         Total |     48 |     40 |      8 |      0 |      0 |   1 |   48.0 |
       Dungeon |     48 |     40 |      8 |      0 |      0 |   1 |   48.0 |
               +--------+--------+--------+--------+--------+-----+--------+

Top non-repeatable levels by time:
       D: 48 daAuts
